 Dungeon Crawl Stone Soup version 0.21.1-1-g345015f (webtiles) character file.

67 tidbits the Charmwright (level 4, -2/38 HPs)
             Began as a Gnoll Skald on June 20, 2018.
             Slain by a gnoll
             ... wielding a +1 whip of flaming
              (6 damage)
             ... on level 3 of the Dungeon.
             The game lasted 00:02:06 (185 turns).

tidbits the Charmwright (Gnoll Skald)                Turns: 185, Time: 00:02:07

Health: -2/38      AC:  3    Str: 19    XL:     4   Next: 16%
Magic:  6/11       EV: 14    Int: 16    God:
Gold:   0          SH:  0    Dex: 14    Spells: 2/13 levels left

rFire    . . .     SeeInvis .   a - +0 hand axe
rCold    . . .     Gourm    .   (no shield)
rNeg     . . .     Faith    .   b - +0 leather armour
rPois    .         Spirit   .   (no helmet)
rElec    .         Reflect  .   (no cloak)
rCorr    .         Harm     .   (no gloves)
MR       .....                  (no boots)
Stlth    +.........             (no amulet)
HPRegen  0.12/turn              (no ring)
MPRegen  0.12/turn              (no ring)

@: mighty, lethally poisoned (-2 -> -5), singing
A: distributed training, fangs 1, strong nose
a: no special abilities


You were on level 3 of the Dungeon.
You were not hungry.

You visited 1 branch of the dungeon, and saw 3 of its levels.

Inventory:

Hand Weapons
 a - a +0 hand axe (weapon)
 g - a +0 dagger
Missiles
 f - 6 tomahawks (quivered)
 h - 2 stones
Armour
 b - a +0 leather armour (worn)
Scrolls
 e - a scroll of enchant weapon {unknown}
 j - a scroll of blinking {unknown}
Books
 c - a book of Battle

   Spells                             Type                      Level
   a - Infusion                       Charms                       1
   b - Shroud of Golubria             Charms/Translocation         2
   c - Song of Slaying                Charms                       2
   d - Spectral Weapon                Hexes/Charms                 3
   e - Regeneration                   Charms/Necromancy            3
Comestibles
 d - 2 rations


   Skills:
 + Level 4.6 Fighting
 + Level 1.0 Short Blades
 + Level 1.0 Long Blades
 + Level 4.6 Axes
 + Level 1.0 Maces & Flails
 + Level 1.0 Polearms
 + Level 1.0 Staves
 + Level 1.0 Slings
 + Level 1.0 Bows
 + Level 1.0 Crossbows
 + Level 1.0 Throwing
 + Level 2.7 Armour
 + Level 4.6 Dodging
 + Level 1.0 Stealth
 + Level 1.0 Shields
 + Level 1.0 Unarmed Combat
 + Level 5.0 Spellcasting
 + Level 0.8 Conjurations
 + Level 0.8 Hexes
 + Level 5.4 Charms
 + Level 0.8 Summonings
 + Level 0.8 Necromancy
 + Level 0.8 Translocations
 + Level 0.8 Transmutations
 + Level 0.8 Fire Magic
 + Level 0.8 Ice Magic
 + Level 0.8 Air Magic
 + Level 0.8 Earth Magic
 + Level 0.8 Poison Magic
 + Level 1.1 Invocations
 + Level 1.0 Evocations


You had 2 spell levels left.
You knew the following spells:

 Your Spells              Type           Power        Failure   Level  Hunger
g - Shroud of Golubria    Chrm/Tloc      ##........   8%          2    #......
i - Infusion              Chrm           ###.         1%          1    None
r - Regeneration          Chrm/Necr      ##........   14%         3    ###....
w - Spectral Weapon       Hex/Chrm       ##......     14%         3    ###....
y - Song of Slaying       Chrm           ###.....     2%          2    #......


Dungeon Overview and Level Annotations

Branches:
Dungeon (3/15)

Altars:


Innate Abilities, Weirdness & Mutations

Your experience applies equally to all skills.
You have very sharp teeth.
Your uncanny sense of smell can sniff out nearby items.


Message History

Memorise Spectral Weapon, consuming 3 spell levels and leaving 1?
You start memorising the spell.
You continue memorising. x2
Your shroud begins to fray at the edges.
You continue memorising.
You finish memorising.
Spell assigned to 'w'.
Your shroud unravels.
You open the door.
Found a scroll labeled RACSUU JU UGGE.
There is an open door here.
You see here a scroll labeled RACSUU JU UGGE.
j - a scroll labeled RACSUU JU UGGE
There is an open door here.
Found a dagger.
There is a stone staircase leading down here.
You climb downwards. 4 gnolls come into view.
A gnoll is wielding a whip of flaming.
The gnoll shouts! x2
There is a stone staircase leading up here.
Unknown command.
Okay, then.
You already know all available spells.
Unknown command.
Casting: Shroud of Golubria
Confirm with . or Enter, or press ? or * to list all spells.
You start singing a song of slaying.
You hear an angry hiss.
The gnoll moves out of view.
An adder comes into view.
Casting: Song of Slaying
Confirm with . or Enter, or press ? or * to list all spells.
You draw out your weapon's spirit!
You swap places.
The adder bites you.
There is a stone staircase leading up here.
Unknown command.
You closely miss the adder. The adder bites you.
You are poisoned.
The adder poisons you!
Your spectral weapon misses the adder.
Your spectral weapon hits the gnoll.
The gnoll closely misses your spectral weapon.
The adder completely misses you.
Unknown command.
You swap places.
You feel sick.
You hear a shout!
The adder bites you. The gnoll hits you with a spear!
* * * LOW HITPOINT WARNING * * *
A goblin comes into view. It is wielding a dagger.
It was a potion of might.
You feel very mighty all of a sudden.
You feel sick. The adder completely misses you.
The gnoll hits you with a spear.
* * * LOW HITPOINT WARNING * * *
The gnoll closely misses you. The adder bites you but does no damage.
Unknown command.
You barely miss the adder. You bite the adder.
The adder is severely wounded.
You slash the gnoll!
Your leather armour prevents you from hitting the gnoll.
You hit the gnoll but do no damage. You hit the gnoll.
Your spectral weapon hits the adder!
You kill the adder!
Your spectral weapon barely misses the gnoll.
Your spectral weapon hits the gnoll.
The gnoll hits you with a whip of flaming.
* * * LOW HITPOINT WARNING * * *
The gnoll burns you.
* * * LOW HITPOINT WARNING * * *
The gnoll hits you with a spear.
* * * LOW HITPOINT WARNING * * *
The gnoll closely misses you. The gnoll barely misses you.
The gnoll closely misses you.
Unknown command.
You barely miss the gnoll.
You kill the gnoll!
Your Invocations skill increases to level 1!
You slash the gnoll! x2
You kill the gnoll!
Your Short Blades skill increases to level 1!
Your Long Blades skill increases to level 1!
Your Maces & Flails skill increases to level 1!
Your Polearms skill increases to level 1!
Your Staves skill increases to level 1!
Your Slings skill increases to level 1!
Your Bows skill increases to level 1!
Your Crossbows skill increases to level 1!
Your Throwing skill increases to level 1!
Your Stealth skill increases to level 1!
Your Shields skill increases to level 1!
Your Unarmed Combat skill increases to level 1!
Your Evocations skill increases to level 1!
You closely miss the gnoll.
* * * LOW HITPOINT WARNING * * *
You feel sick. The gnoll completely misses you.
Unknown command.
You slice the gnoll!!
You kill the gnoll!
You have reached level 4!
You feel stronger.
You hit the gnoll.
The gnoll hits you with a whip of flaming.
You die...

#.# ..
##..###.. ∆
∆#.......#
........
###.g...###
#..........
#.#g)....#
∆
#.)@##.#...
∆
##)(.......
#.###.####
#.# # #.#
#.# #.# #.#
#.#


You could see a gnoll, a goblin and a friendly spectral hand axe.

Vanquished Creatures
  2 adders
  3 gnolls (D:3)
  2 leopard geckos (D:1)
  2 bats (D:1)
  A hobgoblin (D:2)
  2 ball pythons (D:1)
  3 frilled lizards (D:2)
  3 goblins
  2 kobolds
  2 rats
22 creatures vanquished.

Notes
Turn   | Place    | Note
-------+----------+-------------------------------------------
     0 | D:1      | tidbits the Gnoll Skald began the quest for the Orb.
     0 | D:1      | Reached XP level 1. HP: 20/20 MP: 6/6
    95 | D:2      | Reached XP level 2. HP: 26/26 MP: 4/7
   101 | D:2      | Learned a level 2 spell: Song of Slaying
   104 | D:2      | Learned a level 2 spell: Shroud of Golubria
   128 | D:1      | You fall through a shaft!
   140 | D:2      | Reached skill level 5 in Spellcasting
   140 | D:2      | Reached XP level 3. HP: 31/31 MP: 5/9
   148 | D:2      | Learned a level 3 spell: Regeneration
   152 | D:2      | Learned a level 3 spell: Spectral Weapon
   184 | D:3      | Reached skill level 1 in Invocations
   184 | D:3      | Reached skill level 1 in Short Blades
   184 | D:3      | Reached skill level 1 in Long Blades
   184 | D:3      | Reached skill level 1 in Maces & Flails
   184 | D:3      | Reached skill level 1 in Polearms
   184 | D:3      | Reached skill level 1 in Staves
   184 | D:3      | Reached skill level 1 in Slings
   184 | D:3      | Reached skill level 1 in Bows
   184 | D:3      | Reached skill level 1 in Crossbows
   184 | D:3      | Reached skill level 1 in Throwing
   184 | D:3      | Reached skill level 1 in Stealth
   184 | D:3      | Reached skill level 1 in Shields
   184 | D:3      | Reached skill level 1 in Unarmed Combat
   184 | D:3      | Reached skill level 1 in Evocations
   184 | D:3      | HP: 3/31 [poisoned by an adder]
   185 | D:3      | Reached XP level 4. HP: 4/38 MP: 6/11
   185 | D:3      | Slain by a gnoll

Skill      XL: |  1  2  3 |
---------------+----------+-----
Spellcasting   | 5 |  5.0
Invocations    | 1 |  1.1
Short Blades   | 1 |  1.0
Long Blades    | 1 |  1.0
Maces & Flails | 1 |  1.0
Polearms       | 1 |  1.0
Staves         | 1 |  1.0
Slings         | 1 |  1.0
Bows           | 1 |  1.0
Crossbows      | 1 |  1.0
Throwing       | 1 |  1.0
Stealth        | 1 |  1.0
Shields        | 1 |  1.0
Unarmed Combat | 1 |  1.0
Evocations     | 1 |  1.0
Fighting       | |  4.6
Axes           | |  4.6
Armour         | |  2.7
Dodging        | |  4.6
Conjurations   | |  0.8
Hexes          | |  0.8
Charms         | |  5.4
Summonings     | |  0.8
Necromancy     | |  0.8
Translocations | |  0.8
Transmutations | |  0.8
Fire Magic     | |  0.8
Ice Magic      | |  0.8
Air Magic      | |  0.8
Earth Magic    | |  0.8
Poison Magic   | |  0.8

Action                   |  1- 3 |  4- 6 || total
-------------------------+-------+-------++-------
Melee: Hand axe          |    30 |       ||    30
       Bite              |     3 |       ||     3
 Cast: Infusion          |     3 |       ||     3
       Song of Slaying   |     2 |       ||     2
       Shroud of Golubri |     1 |       ||     1
       Spectral Weapon   |     1 |       ||     1
  Use: Potion            |     1 |       ||     1
Armor: Leather armour    |     4 |       ||     4
Dodge: Dodged            |    21 |       ||    21

Table legend:
 A = Turns spent in this place as a percentage of turns spent in the entire game.
 B = Non-inter-level travel turns spent in this place as a percentage of non-inter-level travel turns spent in the entire game.
 C = Inter-level travel turns spent in this place as a percentage of turns spent in this place.
 D = Turns resting spent in this place as a percentage of non-inter-level travel turns spent in this place.
 E = Turns spent auto-exploring this place as a percentage of non-inter-level travel turns spent in this place.
 F = Non-inter-level travel turns spent in this place divided by the number of levels of this place that you've seen.
                   A       B       C       D       E      F
               +-------+-------+-------+-------+-------+----------------------
         Total | 100.0 | 100.0 |   0.0 |   0.0 |   0.0 |  61.7
       Dungeon | 100.0 | 100.0 |   0.0 |   0.0 |   0.0 |  61.7
               +-------+-------+-------+-------+-------+----------------------

Table legend:
 A = Kills in this place as a percentage of kills in entire the game.
 B = Kills by you in this place as a percentage of kills by you in the entire game.
 C = Kills by friends in this place as a percentage of kills by friends in the entire game.
 D = Other kills in this place as a percentage of other kills in the entire game.
 E = Experience gained in this place as a percentage of experience gained in the entire game.
 F = Experience gained in this place divided by the number of levels of this place that you have seen.
                   A       B       C       D       E      F
               +-------+-------+-------+-------+-------+----------------------
         Total | 100.0 | 100.0 |   N/A |   N/A | 100.0 |  32.0
       Dungeon | 100.0 | 100.0 |   N/A |   N/A | 100.0 |  32.0
               +-------+-------+-------+-------+-------+----------------------

Vault maps used:
D:1:      dpeg_arrival_rooms_c, hangedman_decor_riveting, minmay_pentomino_s2
D:3:      first_ration
